 Dungeon Crawl Stone Soup version 0.30-a0-782-ge64f9170bb (webtiles) character file.

Game seed: 4164750238292427694

91424 funkygono the Severer (level 15, -5/147 HPs)
             Began as a Minotaur Fighter on Mar 18, 2023.
             Was an Elder of Okawaru.
             Killed from afar by a shock serpent (8 damage)
             ... with a bolt of electricity
             ... on level 2 of the Snake Pit.
             The game lasted 00:38:20 (19415 turns).

funkygono the Severer (Minotaur Fighter)           Turns: 19415, Time: 00:38:20

Health: -5/147     AC: 36    Str: 34    XL:     15   Next: 55%
Magic:  17/17      EV: 12    Int:  5    God:    Okawaru [****..]
Gold:   3246       SH: 11    Dex: 10    Spells: 14/14 levels left

rFire   . . .      SeeInvis .    w - +5 broad axe (freeze)
rCold   + + .      Faith    .    o - +0 kite shield
rNeg    . . .      Spirit   .    e - +2 crystal plate armour {rC+}
rPois   .          Reflect  .    q - +2 hat
rElec   .          Harm     .    v - +0 cloak
rCorr   .          Rampage  .    t - +2 pair of gloves "Ypoy" {+Inv rC+}
Will    +....                    s - +0 pair of boots Stlth
                                 I - amulet of regeneration
HPRegen 1.24/turn                r - +6 ring of strength
MPRegen 0.15/turn                B - +5 ring of evasion

@: no status effects
A: horns 2, retaliatory headbutt
a: Renounce Religion, Evoke Invisibility, Heroism, Finesse


You were on level 2 of the Snake Pit.
You worshipped Okawaru.
Okawaru was greatly pleased with you.
You visited 5 branches of the dungeon, and saw 21 of its levels.
You also visited: Ice Cave.

You collected 3351 gold pieces.
You spent 105 gold pieces at shops.

Inventory:

Hand Weapons
 a - a +3 war axe of freezing
 w - a +5 broad axe of freezing (weapon)
 T - the +1 broad axe of Fragile Peace {vamp, MP+9}
   (Okawaru gifted it to you on level 5 of the Lair of Beasts)

   MP:        It affects your magic capacity (+9).
Missiles
 f - 3 silver javelins (quivered)
Armour
 e - a +2 crystal plate armour of cold resistance (worn)
 o - a +0 kite shield (worn)
 q - a +2 hat (worn)
 s - a +0 pair of boots (worn)
 t - the +2 pair of gloves "Ypoy" (worn) {+Inv rC+}
   (Okawaru gifted it to you on level 2 of the Snake Pit)

   rC:        It protects you from cold.
   +Inv:      It lets you turn invisible.
 v - a +0 cloak (worn)
 E - a +2 pair of gloves
 J - a +2 chain mail of poison resistance
Jewellery
 r - a +6 ring of strength (left hand)
 B - a +5 ring of evasion (right hand)
 I - an amulet of regeneration (around neck)
 K - a +6 ring of strength
 N - a ring of poison resistance
Wands
 c - a wand of acid (3)
 k - a wand of flame (57)
 u - a wand of roots (10)
 C - a wand of polymorph (6)
 U - a wand of paralysis (3)
Scrolls
 h - 8 scrolls of magic mapping
 j - 11 scrolls of identify
 l - 4 scrolls of blinking
 x - 6 scrolls of teleportation
 F - 2 scrolls of silence
 Q - a scroll of fog
 R - 3 scrolls of fear
 S - a scroll of brand weapon
Potions
 b - 3 potions of cancellation
 d - 8 potions of might
 g - 5 potions of haste
 i - 2 potions of brilliance
 m - 11 potions of curing
 n - 3 potions of flight
 p - 2 potions of heal wounds
 z - 2 potions of invisibility {unknown}
 A - 3 potions of mutation
 L - 3 potions of ambrosia


   Skills:
 + Level 17.0 Fighting
 + Level 19.6 Axes
 + Level 17.4 Armour
 + Level 3.4 Dodging
 + Level 2.5 Stealth
 + Level 10.9 Shields
 + Level 4.7 Invocations
 + Level 0.4 Evocations


You had 14 spell levels left.
You didn't know any spells.
Your spell library contained the following spells:

 Spells                   Type           Power      Damage    Failure   Level
 Cigotuvi's Dreadful Rot  Necr/Pois/Air  0%         N/A       100%        2
 Poisonous Vapours        Pois/Air       0%         N/A       100%        2
 Static Discharge         Conj/Air       0%         2-2/arc   100%        2
 Gell's Gravitas          Tloc           0%         N/A       100%        3
 Mephitic Cloud           Conj/Pois/Air  0%         N/A       100%        3
 Ozocubu's Armour         Ice            0%         N/A       100%        3
 Teleport Other           Tloc           0%         N/A       100%        3
 Airstrike                Air            0%         2d(0-16)  100%        4
 Dispel Undead            Necr           0%         3d6       100%        4
 Olgreb's Toxic Radiance  Pois           0%         N/A       100%        4
 Freezing Cloud           Conj/Ice/Air   0%         6-21      100%        5
 Lightning Bolt           Conj/Air       0%         1d11      100%        5
 Metabolic Englaciation   Hex/Ice        0%         N/A       100%        5
 Dispersal                Tloc           0%         N/A       100%        6
 Ozocubu's Refrigeration  Ice            0%         4d7       100%        7
 Ignition                 Fire           0%         3d3       100%        8
 Polar Vortex             Ice            0%         N/A       100%        9
 Summon Lightning Spire   Summ/Air       Unusable   N/A       N/A         4
 Death Channel            Necr           Unusable   N/A       N/A         6
 Simulacrum               Ice/Necr       Unusable   N/A       N/A         6

Dungeon Overview and Level Annotations

Branches:
Dungeon (11/15)            Temple (1/1) D:7            Lair (5/5) D:10
  Swamp (0/4) Lair:3        Snake (2/4) Lair:3        Slime (0/5) Lair:5
    Orc (2/2) D:11            Elf (0/3) Orc:2         IceCv (visited)

Altars:
Ashenzari
Cheibriados
Dithmenos
Elyvilon
Fedhas
Gozag
Hepliaklqana
Kikubaaqudgha
Makhleb
Nemelex Xobeh
Okawaru
Qazlal
Ru
Sif Muna
Trog
Uskayaw
Vehumet
Wu Jian
Xom
Yredelemnul
Zin
The Shining One
Jiyva

Shops:
D:4 (   Orc:1 ?   Orc:2 *(((   Snake:1 :

Annotations:
D:9 2 runed translucent doors, RatherSlowDeath's ghost, novice HOAr
Lair:1 2 transporters, UltraNumeron's ghost, journeyman GrMo


Innate Abilities, Weirdness & Mutations

You have a pair of horns on your head.
You reflexively headbutt those who attack you in melee.


Message History

The shock serpent is heavily wounded.
The shock serpent bites you but does no damage.
You miss the shock serpent.
The shock serpent is heavily wounded.
You block the shock serpent's attack.
You slash the shock serpent!
The shock serpent seems to slow down.
You freeze the shock serpent. You headbutt the shock serpent!
You kill the shock serpent!
Okawaru accepts your kill.
The air sparks with electricity, shocking you!
* * * LOW HITPOINT WARNING * * *
A shock serpent comes into view.
The shock serpent hisses angrily.
You pick up a book of Storms and begin reading...
You add the spells Airstrike and Lightning Bolt to your library.
The shock serpent shoots out a bolt of lightning at you!
The bolt of electricity hits you!
* * * LOW HITPOINT WARNING * * *
Things that are here:
a +0 short sword; a naga corpse The shock serpent shoots out a bolt of lightning at you!
The bolt of electricity hits you!
* * * LOW HITPOINT WARNING * * *
The shock serpent shoots out a bolt of lightning at you!
The bolt of electricity misses you.
You see here a black mamba corpse.
You see here a black mamba corpse.
The shock serpent bites you.
* * * LOW HITPOINT WARNING * * *
The shock serpent shocks you!
* * * LOW HITPOINT WARNING * * *
The shock serpent bites you but does no damage.
You slash the shock serpent!
The shock serpent seems to slow down.
You freeze the shock serpent.
The shock serpent is moderately wounded.
The shock serpent's electric aura discharges, shocking you!
* * * LOW HITPOINT WARNING * * *
The shock serpent shoots out a bolt of lightning at you!
The bolt of electricity hits you!
You die...

#......#
#......#
#.†....#
#.†..).##.#
#.........#
#.....###.
#..).##
###S##
###@#####.###
#...†........
###...###.###
#####.##
#......# #
#......##.#
#.........#
#......##.#
#..)..###.#


You could see a shock serpent (slow).

Vanquished Creatures
  An orc warlord (Orc:1)
  A reaper (IceCv)
  Azrael (Snake:2)
  A fire dragon (Lair:5)
  5 hydras
  An ice dragon (Orc:1)
  A catoblepas (Lair:5)
  2 anacondas
  3 naga warriors
  A death yak (Lair:3)
  A two-headed ogre (D:6)
  2 orc high priests (Orc:2)
  2 naga sharpshooters (Snake:1)
  3 shock serpents (Snake:2)
  4 skysharks
  3 skeletal warriors (D:11)
  2 naga ritualists
  A lindwurm (Lair:5)
  A mana viper (Snake:2)
  A wolf spider (Lair:4)
  2 orc knights
  7 orc sorcerers
  28 elephants
  7 salamanders
  A guardian serpent (Snake:2)
  An ice statue (IceCv)
  5 torpor snails (Lair:5)
  19 black mambas
  A naga mage (Snake:1)
  6 cane toads
  Maggie (D:7)
  5 rime drakes
  An unseen horror (D:11)
  15 komodo dragons
  2 trolls
  12 polar bears
  9 hornets
  11 blink frogs
  5 tyrant leeches
  4 raiju (Lair:5)
  6 dream sheep
  2 shadows (D:11)
  A spriggan (Lair:3)
  2 dire elephant simulacra (IceCv)
  Eustachio (D:4)
  2 wraiths
  9 wyverns
  4 fire elementals (Snake:2)
  2 steam dragons
  27 yaks
  2 basilisks
  3 death yak simulacra (IceCv)
  Menkaure (D:4)
  8 nagas
  10 wargs
  4 swamp worms (Lair:3)
  A harpy simulacrum (IceCv)
  An acid dragon (D:11)
  16 hell hounds
  19 water moccasins
  31 orc warriors
  3 sky beasts
  14 black bears
  6 ice beasts
  5 ogres
  39 wolves
  2 centaurs
  A phantom (D:6)
  15 bullfrogs
  2 kobold brigands
  2 necrophages
  A gnoll sergeant (D:7)
  4 scorpions
  4 cane toad simulacra (IceCv)
  7 two-headed ogre simulacra (IceCv)
  8 wights
  6 killer bees (D:9)
  6 howler monkeys
  2 lava snakes (Lair:3)
  4 hounds
  3 gnoll boudas
  30 orc priests
  Crazy Yiuf (D:3)
  7 jellies
  Jessica (D:2)
  2 iguanas
  Natasha (thrice) (D:3)
  51 orc wizards
  A polar bear simulacrum (IceCv)
  4 spriggan simulacra (IceCv)
  5 troll simulacra (IceCv)
  2 wolf simulacra (IceCv)
  10 adders
  21 gnolls
  6 naga simulacra (IceCv)
  2 shadow imps
  2 white imps (IceCv)
  8 ufetubi
  4 dart slugs
  105 orcs
  9 ball pythons
  3 bats
  10 endoplasms
  A giant cockroach (D:3)
  3 goblins
  5 hobgoblins
  4 jackals (D:3)
  2 quokkas (D:2)
  3 training dummies (D:4)
  4 frilled lizards
  17 kobolds
  5 rats
796 creatures vanquished.

Vanquished Creatures (others)
  5 dream sheep (D:4)
  23 fungi
  43 plants
71 creatures vanquished.

Grand Total: 867 creatures vanquished

Notes
Turn   | Place    | Note
-------+----------+-------------------------------------------
     0 | D:1      | funkygono the Minotaur Fighter began the quest for the Orb.
     0 | D:1      | Reached XP level 1. HP: 19/19 MP: 0/0
   117 | D:1      | Reached XP level 2. HP: 27/27 MP: 1/1
   395 | D:2      | Noticed Jessica
   400 | D:2      | Killed Jessica
   401 | D:2      | Reached skill level 3 in Axes
   401 | D:2      | Reached XP level 3. HP: 28/33 MP: 2/2
   836 | D:2      | Reached XP level 4. HP: 41/41 MP: 3/3
   989 | D:3      | Found a runed translucent door.
   990 | D:3      | Noticed Crazy Yiuf
  1119 | D:3      | Reached skill level 4 in Axes
  1215 | D:3      | Noticed Natasha
  1221 | D:3      | Reached XP level 5. HP: 47/47 MP: 4/4
  1221 | D:3      | Killed Natasha
  1336 | D:3      | Reached skill level 5 in Fighting
  1471 | D:3      | Noticed Natasha
  1474 | D:3      | Killed Natasha
  1475 | D:3      | Reached skill level 5 in Axes
  1538 | D:3      | Noticed Natasha
  1545 | D:3      | Killed Natasha
  1625 | D:3      | Killed Crazy Yiuf
  1626 | D:3      | Reached XP level 6. HP: 7/53 MP: 0/5
  1876 | D:4      | Reached skill level 1 in Dodging
  1887 | D:4      | Reached skill level 5 in Armour
  1888 | D:4      | Reached skill level 6 in Axes
  2105 | D:4      | Reached XP level 7. HP: 57/61 MP: 6/6
  2152 | D:4      | Found Dempuer's Firing Range.
  2492 | D:4      | Noticed Menkaure
  2496 | D:4      | Killed Menkaure
  2497 | D:4      | Reached skill level 7 in Axes
  2654 | D:4      | Noticed Eustachio
  2677 | D:4      | Killed Eustachio
  2678 | D:4      | Reached skill level 5 in Shields
  2730 | D:4      | Reached XP level 8. HP: 70/70 MP: 7/7
  2803 | D:4      | Noticed a dream sheep
  2803 | D:4      | Noticed a dream sheep
  2803 | D:4      | Noticed a dream sheep
  2803 | D:4      | Noticed a dream sheep
  2803 | D:4      | Noticed a dream sheep
  2803 | D:4      | Found a shimmering altar of Xom.
  2807 | D:4      | Killed a dream sheep
  2807 | D:4      | Killed a dream sheep
  2808 | D:4      | Killed a dream sheep
  2808 | D:4      | Killed a dream sheep
  2808 | D:4      | Killed a dream sheep
  2872 | D:4      | Found an ornate altar of the Wu Jian Council.
  2876 | D:4      | Found a radiant altar of Vehumet.
  2880 | D:4      | Found an ancient bone altar of Kikubaaqudgha.
  2949 | D:5      | Entered Level 5 of the Dungeon
  3097 | D:5      | Reached skill level 8 in Axes
  3118 | D:5      | Found a shimmering blue altar of Sif Muna.
  3194 | D:5      | Got Sif Muna's Precepts of Nephomancy
  3199 | D:5      | Found a bloodstained altar of Trog.
  3234 | D:5      | Found a snail-covered altar of Cheibriados.
  3419 | D:5      | Reached skill level 9 in Axes
  3947 | D:6      | Found a hide-covered altar of Uskayaw.
  4027 | D:6      | Reached XP level 9. HP: 78/78 MP: 8/8
  4193 | D:6      | Noticed a two-headed ogre
  4199 | D:6      | Killed a two-headed ogre
  4200 | D:6      | Reached skill level 10 in Axes
  4200 | D:6      | Reached skill level 1 in Stealth
  4397 | D:6      | Reached skill level 11 in Axes
  4681 | D:6      | Found a shadowy altar of Dithmenos.
  4830 | D:7      | Noticed Maggie
  4843 | D:7      | Killed Maggie
  5141 | D:7      | Reached skill level 12 in Axes
  5141 | D:7      | Reached XP level 10. HP: 88/88 MP: 9/9
  5836 | D:7      | Found a staircase to the Ecumenical Temple.
  5974 | Temple   | Entered the Ecumenical Temple
  6013 | Temple   | Became a worshipper of Warmaster Okawaru
  6286 | D:8      | Reached skill level 10 in Armour
  6748 | D:8      | Reached * piety under Okawaru
  7066 | D:8      | Found a sparkling altar of Nemelex Xobeh.
  7618 | D:9      | Reached skill level 13 in Axes
  7707 | D:9      | Reached ** piety under Okawaru
  8038 | D:9      | Found a large runed translucent door.
  8038 | D:9      | Found a large runed translucent door.
  8040 | D:9      | Noticed RatherSlowDeath's ghost (novice HOAr)
  8258 | D:10     | Entered Level 10 of the Dungeon
  8350 | D:10     | Found a staircase to the Lair.
  8354 | D:10     | Reached XP level 11. HP: 97/97 MP: 7/10
  8443 | D:10     | Found a broken altar of Ashenzari.
  8445 | D:10     | Found a blossoming altar of Fedhas.
  9148 | D:11     | Noticed a skeletal warrior
  9150 | D:11     | Noticed a skeletal warrior
  9150 | D:11     | Noticed a skeletal warrior
  9164 | D:11     | Killed a skeletal warrior
  9165 | D:11     | Reached skill level 1 in Invocations
  9173 | D:11     | Killed a skeletal warrior
  9183 | D:11     | Killed a skeletal warrior
  9184 | D:11     | Reached skill level 10 in Fighting
  9184 | D:11     | Reached skill level 14 in Axes
  9270 | D:11     | Identified the +6 sling of Wacasuhyna {freeze, rF+ Dex+4}
  9344 | D:11     | Found a staircase to the Orcish Mines.
  9654 | Lair:1   | Entered Level 1 of the Lair of Beasts
  9659 | Lair:1   | Reached *** piety under Okawaru
  9874 | Lair:1   | Found a transporter.
  9878 | Lair:1   | Noticed UltraNumeron's ghost (journeyman GrMo)
  9879 | Lair:1   | Found a transporter.
 10610 | Lair:2   | Noticed a skyshark
 10616 | Lair:2   | Killed a skyshark
 10765 | Lair:2   | Identified the +2 scale mail of Jomnee {rPois rN+ Dex+3}
 10803 | Lair:2   | Noticed a skyshark
 10812 | Lair:2   | Killed a skyshark
 10813 | Lair:2   | Reached skill level 15 in Axes
 10813 | Lair:2   | Reached XP level 12. HP: 95/108 MP: 12/12
 10840 | Lair:2   | Noticed a seven-headed hydra
 10852 | Lair:2   | Killed a ten-headed hydra
 10852 | Lair:2   | Received a gift from Okawaru
 11254 | Lair:2   | Noticed a six-headed hydra
 11266 | Lair:2   | Killed a 13-headed hydra
 11418 | Lair:2   | Reached **** piety under Okawaru
 11999 | Lair:3   | Reached skill level 16 in Axes
 12096 | Lair:3   | Reached ***** piety under Okawaru
 12158 | Lair:3   | Identified the +1 chain mail of Sophism {rC+}
 12180 | Lair:3   | Found a staircase to the Snake Pit.
 12445 | Lair:3   | Noticed a four-headed hydra
 12464 | Lair:3   | Killed a ten-headed hydra
 12604 | Lair:3   | Reached XP level 13. HP: 115/118 MP: 13/13
 12612 | Lair:3   | Found a staircase to the Swamp.
 12971 | Lair:4   | Reached skill level 17 in Axes
 13007 | Lair:4   | Identified the +5 ring mail of the Centipede {rCorr Str-5
                  | Dex+2} (Okawaru gifted it to you on level 4 of the Lair of
                  | Beasts)
 13007 | Lair:4   | Received a gift from Okawaru
 13154 | Lair:4   | Reached skill level 15 in Armour
 13887 | Lair:5   | Entered Level 5 of the Lair of Beasts
 14260 | Lair:5   | Reached XP level 14. HP: 104/132 MP: 16/16
 14516 | Lair:5   | Reached skill level 18 in Axes
 14566 | Lair:5   | Reached skill level 15 in Fighting
 14824 | Lair:5   | Identified the +1 broad axe of Fragile Peace {vamp, MP+9}
                  | (Okawaru gifted it to you on level 5 of the Lair of Beasts)
 14824 | Lair:5   | Received a gift from Okawaru
 14905 | Lair:5   | Found a staircase to the Slime Pits.
 14912 | Lair:5   | Found a viscous altar of Jiyva.
 15125 | Lair:5   | Found a runed translucent door.
 15849 | Orc:1    | Entered Level 1 of the Orcish Mines
 15849 | Orc:1    | Noticed an orc warlord
 15866 | Orc:1    | Killed an orc warlord
 15871 | Orc:1    | Found Eheq's Magic Scroll Emporium.
 15904 | Orc:1    | Found a frozen archway.
 15926 | Orc:1    | Reached ****** piety under Okawaru
 15937 | IceCv    | Entered an ice cave
 16102 | IceCv    | Reached skill level 10 in Shields
 16224 | IceCv    | Noticed a reaper
 16255 | IceCv    | Killed a reaper
 16352 | IceCv    | Found the +4 skin of Zhor {*Englaciate rC+++ SInv}
 16823 | Orc:1    | Bought a scroll of enchant weapon for 105 gold pieces
 16875 | Orc:1    | Received a gift from Okawaru
 17098 | Orc:2    | Entered Level 2 of the Orcish Mines
 17191 | Orc:2    | Reached skill level 19 in Axes
 17193 | Orc:2    | Reached XP level 15. HP: 111/144 MP: 14/17
 17430 | Orc:2    | Found Ufiabife's Assorted Antiques.
 17430 | Orc:2    | Found Kojok's Weapon Boutique.
 17430 | Orc:2    | Found Hiaph's Weapon Boutique.
 17519 | Orc:2    | Found Ezalomp's Weapon Shop.
 17722 | Orc:2    | Found a staircase to the Elven Halls.
 18064 | Snake:1  | Entered Level 1 of the Snake Pit
 18173 | Snake:1  | Found Ilelud's Book Emporium.
 18284 | Snake:1  | Received a gift from Okawaru
 18597 | Snake:1  | HP: 7/145 [poisoned by a naga ritualist (toxic radiance)]
 18598 | Snake:1  | HP: 2/145 [poisoned by a naga ritualist (toxic radiance)]
 18840 | Snake:2  | Identified the +2 pair of gloves "Ypoy" {+Inv rC+} (Okawaru
                  | gifted it to you on level 2 of the Snake Pit)
 18840 | Snake:2  | Received a gift from Okawaru
 18911 | Snake:2  | Noticed Azrael
 18921 | Snake:2  | Killed Azrael
 19415 | Snake:2  | HP: 2/147 [shock serpent/electric aura (9)]
 19415 | Snake:2  | Killed from afar by a shock serpent

Illustrated notes

Levels and vault maps discovered:
D:1:      eino_arrival_druids_welcome, layout_rooms
D:2:      layout_loops_ring, minmay_tripent, uniq_jessica
D:3:      layout_basic, uniq_natasha, uniq_crazy_yiuf_cottage
D:4:      layout_rooms, kb_xom_exploding_sheep, grunt_temple_overflow_diamond,
          serial_corexii_hall, chequers_hall_statues_y, corexii_hall_statues_l,
          chequers_hall_statues_wall_a, corexii_hall_statues_t,
          nicolae_shop_firing_range, uniq_eustachio, uniq_menkaure
D:5:      layout_rooms, nzn_overflow_gifts_of_might_and_magic,
          mainiacjoe_overflow_concentric_impassable, minmay_stone_trees_medium
D:6:      minmay_inner_zag, layout_gridville, kennysheep_mini,
          nicolae_uskayaw_dance_hall, chequers_serial_rivers_micro_b
D:7:      layout_cave_pools, minmay_temple_entry_fiery, uniq_maggie
D:8:      layout_basic, mainiacjoe_overflow_alcove_1
D:9:      layout_roguey, ebering_ghost_disaster_area
D:10:     layout_gridville, mainiacjoe_overflow_catwalk_spiral,
          erik_lair_orcish_takeover, kennysheep_generic_room_2
D:11:     layout_rooms, david_orc_3
Temple:   jpeg_temple_alley_garden
Lair:1:   layout_cave_pods, gammafunk_ghost_hive
Lair:2:   layout_chaotic_city, small_statue_intersection,
          minmay_shattered_shrine
Lair:3:   layout_chaotic_city, palyth_hydra_swamp_entry,
          nicolae_snake_entry_warm_welcome, grunt_forest_large_clearing_hut
Lair:4:   layout_cave_pods, nicolae_lair_run_with_the_wolves, grunt_megastairs_4
Lair:5:   hangedman_lair_caniforms_friends, layout_small_grid, wormcave,
          nicolae_slime_entry_slimehenge, grunt_megastairs_5
Snake:1:  layout_rooms, serial_shops, shop
Snake:2:  layout_gridlike, hangedman_snake_sidewinding, nicolae_triple_integral,
          uniq_azrael
Orc:1:    layout_diamond_mine, portal_ice_cave_entry_animals_and_master,
          serial_shops, shop_fountains, mines1_david
Orc:2:    st_orc_mages, layout_caves, basic_altar

Skill      XL: |  1  2  3  4  5  6  7  8  9 10 11 12 13 14 15 |
---------------+----------------------------------------------+-----
Armour         | 4 5 6 8 9 11 13 14 15 16 17 | 17.4
Fighting       | 4 5 6 7 9 10 12 14 16 17 | 17.0
Axes           | 3 4 5 6 7 9 12 13 15 16 17 19 | 19.6
Shields        | 4 5 6 8 9 10 | 10.9
Dodging        | 1 2 3 |  3.4
Stealth        | 1 2 |  2.5
Invocations    | 2 4 |  4.7
Evocations     | |  0.4

Action                     |  1- 3 |  4- 6 |  7- 9 | 10-12 | 13-15 || total
---------------------------+-------+-------+-------+-------+-------++-------
  Melee: War axe           |    39 |   107 |   203 |   541 |   613 ||  1503
         Headbutt          |     5 |    18 |    29 |   114 |   187 ||   353
         Broad axe         |       |       |       |       |   263 ||   263
  Throw: Throwing net      |       |       |       |     1 |       ||     1
 Invoke: Heroism           |       |       |       |    24 |    32 ||    56
  Evoke: Wand              |       |       |       |     4 |     2 ||     6
    Use: Scroll            |       |       |    17 |    10 |     7 ||    34
         Potion            |       |       |       |       |     3 ||     3
 Armour: Scale mail        |    16 |    20 |       |       |       ||    36
         Chain mail        |       |    48 |    64 |       |       ||   112
         Plate armour      |       |       |    70 |   292 |   252 ||   614
         Crystal plate arm |       |       |       |       |   150 ||   150
  Dodge: Dodged            |    23 |    42 |    68 |   283 |   477 ||   893
  Block: Buckler           |     8 |    31 |    47 |   121 |   187 ||   394
         Kite shield       |       |       |       |       |    47 ||    47

Table legend: (Time is in decaauts)
 A = Elapsed time spent in this place.
 B = Non-inter-level travel time spent in this place.
 C = Inter-level travel time spent in this place.
 D = Time resting spent in this place.
 E = Time spent auto-exploring this place.
 F = Levels seen in this place.
 G = Mean time per level.
                   A        B        C        D        E       F      G
               +--------+--------+--------+--------+--------+-----+--------+
         Total |  19197 |  18165 |   1032 |    114 |  14296 |  22 |  872.6 |
       Dungeon |   9783 |   9210 |    573 |     29 |   7477 |  11 |  889.4 |
        Temple |    232 |    179 |     53 |      0 |    169 |   1 |  232.0 |
          Lair |   5961 |   5629 |    332 |      0 |   4464 |   5 | 1192.2 |
     Snake Pit |   1315 |   1305 |     10 |      0 |    957 |   2 |  657.5 |
  Orcish Mines |   1197 |   1134 |     63 |      0 |    814 |   2 |  598.5 |
      Ice Cave |    706 |    706 |      0 |     85 |    414 |   1 |  706.0 |
               +--------+--------+--------+--------+--------+-----+--------+

Top non-repeatable levels by time:
  Lair:5: 1724 daAuts
     D:7: 1182 daAuts
  Lair:2: 1159 daAuts
     D:4: 1149 daAuts
     D:8: 1096 daAuts
    D:10: 1078 daAuts
  Lair:3: 1067 daAuts
  Lair:4: 1055 daAuts
     D:6: 1050 daAuts
  Lair:1: 954 daAuts
     D:9: 927 daAuts
     D:3: 920 daAuts
     D:5: 832 daAuts
   IceCv: 706 daAuts
   Orc:2: 681 daAuts
